 Dungeon Crawl Stone Soup version 0.31.0-1-g2c135a008e (webtiles) character file.

Game seed: 12649880119057531546

5 qw the Shooter (level 1, -3/18 HPs)
             Began as a Djinni Hunter on Jan 23, 2024.
             Slain by a gnoll
             ... wielding a +0 spear
              (4 damage)
             ... on level 1 of the Dungeon.
             The game lasted 00:00:00 (111 turns).

qw the Shooter (Djinni Hunter)                       Turns: 111, Time: 00:00:01

Health: -3/18      AC:  3    Str: 10    XL:     1   Next: 88%
Gold:   8          EV: 12    Int: 10    God:
                   SH:  0    Dex: 16

rFire   + + .        a - +0 shortbow
rCold   x . .        (shield currently unavailable)
rNeg    . . .        c - +0 leather armour
rPois   inf          (no helmet)
rElec   .            (no cloak)
rCorr   .            (no gloves)
SInv    .            (boots unavailable)
Will    .....        (no amulet)
Stlth   +            (no ring)
HPRegen 0.23/turn    (no ring)
MPRegen 0.00/turn

%: infuse magic (-4 HP)
@: flying
A: sickness immunity, fire resistance 2, cold vulnerability 1, float, innate
caster, HP casting, extra vitality 1
a: no special abilities


You were on level 1 of the Dungeon.
You visited 1 branch of the dungeon, and saw 1 of its levels.

You collected 8 gold pieces.


Innate Abilities, Weirdness & Mutations

You are immune to sickness and miasma.
You are immune to poison.
Your flesh is very heat resistant. (rF++)
You are vulnerable to cold. (rC-)
You float through the air rather than walking.
You learn spells naturally, not from books.
Your magical power is your life essence.
You have superior vitality. (+4 MHP)


   Skills:
 - Level 2.0 Fighting
 + Level 3.5 Ranged Weapons
 - Level 2.1 Dodging
 - Level 0.7 Stealth You didn't know any spells. Your spell library was empty.

Inventory:

Hand Weapons
 a - a +0 shortbow (weapon)
Armour
 c - a +0 leather armour (worn)
Scrolls
 b - a scroll of butterflies
 e - a scroll of fog {unknown}
Potions
 d - a potion of attraction {unknown}

Dungeon Overview and Level Annotations

Branches:
Dungeon (1/15)

Altars:


Message History

The rat bites you but does no damage.
You shoot an arrow. The arrow barely misses the rat.
The arrow hits the gnoll.
The gnoll is lightly wounded.
The rat completely misses you.
You shoot an arrow. The arrow hits the rat!
You kill the rat!
You shoot an arrow. The arrow hits the endoplasm.
The endoplasm is heavily wounded.
A jackal comes into view.
The endoplasm hits you.
The jackal moves out of view.
You shoot an arrow. The arrow hits the endoplasm.
You kill the endoplasm!
The gnoll hits you from afar with a +0 spear!
An endoplasm comes into view.
The gnoll completely misses you.
You shoot an arrow. The endoplasm quivers.
The arrow hits the gnoll!
The gnoll is severely wounded.
The gnoll hits you from afar with a +0 spear.
You shoot an arrow. The arrow barely misses the gnoll.
You hear a bark!
The gnoll hits you from afar with a +0 spear.
You hear a bark!
You shoot an arrow. The arrow hits the gnoll.
The gnoll is almost dead.
A jackal comes into view.
The gnoll closely misses you.
The gnoll hits you from afar with a +0 spear.
Enter note:
Enter note:
109 ||| RETREEEEATING.
The jackal attacks as it pursues you!
The jackal bites you but does no damage.
Enter note:
110 ||| RETREEEEATING.
You shoot an arrow. The arrow closely misses the jackal.
The jackal barely misses you. x2
The gnoll hits you from afar with a +0 spear.
You die...

####### ....... .#....
### ##..#.. # ..#
#....#..# #.#
#######.#...#.. #.#
#####......g)J.h.#
#.###|........h##.##..#
###.....###.####@# #
#...........# #.#
#.#..######.# #.#
.......# #.# #..
###..#.# #%# ###
###..#.# #.# .....# #
#.# ###.## ....#


You could see a gnoll and a jackal.

Vanquished Creatures
  An endoplasm (D:1)
  A giant cockroach (D:1)
  A ball python (D:1)
  A frilled lizard (D:1)
  A goblin (D:1)
  A rat (D:1)
6 creatures vanquished.

Notes
Turn   | Place    | Note
-------+----------+-------------------------------------------
     0 | D:1      | qw the Djinni Hunter began the quest for the Orb.
     0 | D:1      | Reached XP level 1. HP: 18/18 MP: 0/0
     0 | D:1      | 0 ||| qw: Version: 0.3-a-135-gb77e89d
     0 | D:1      | 0 ||| qw: Game counter: 936
     0 | D:1      | 0 ||| qw: Melee chars always use a shield: true
     0 | D:1      | 0 ||| qw: God list: Okawaru
     0 | D:1      | 0 ||| qw: Allow faded altars: false
     0 | D:1      | 0 ||| qw: Do Orc after clearing Dungeon:15 true
     0 | D:1      | 0 ||| qw: Do second Lair branch before Depths: true
     0 | D:1      | 0 ||| qw: Lair rune preference: random
     0 | D:1      | 0 ||| qw: Goals: Normal
     0 | D:1      | 0 ||| PLANNING D:1-11
   106 | D:1      | HP: 3/18 [gnoll/+0 spear (5)]
   108 | D:1      | HP: 1/18 [gnoll/+0 spear (2)]
   109 | D:1      | 109 ||| RETREEEEATING.
   110 | D:1      | 110 ||| RETREEEEATING.
   111 | D:1      | Slain by a gnoll

Levels and vault maps discovered:
D:1:      minmay_arrival_floating_metal, layout_loops_ring,
          hellmonk_ecumenical_altar_heavens_door, minivault_26,
          minmay_tromino_mix6

Action                     || total
---------------------------++-------
   Fire: Shortbow          ||    21
 Armour: Leather armour    ||    10
  Dodge: Dodged            ||     9

Table legend:
 A = Non-vault XP
 B = Vault XP
 C = Vault XP percentage of total XP
 D = Non-vault monster count
 E = Vault monster count
 F = Vault count percentage of total count
                 A         B        C        D         E       F
            +---------+---------+-------+---------+---------+-------
      Total |       8 |       0 |   0.0 |       6 |       0 |   0.0
            +---------+---------+-------+---------+---------+-------
        D:1 |       8 |       0 |   0.0 |       6 |       0 |   0.0
            +---------+---------+-------+---------+---------+-------
